 Dungeon Crawl Stone Soup version 0.19.4-9-g45fd643 (webtiles) character file.

3898 Gargoyl the Cleaver (level 10, -2/85 (86) HPs)
             Began as a Ghoul Abyssal Knight on Feb 22, 2017.
             Was an Elder of Lugonu.
             Slain by a three-headed hydra (3 damage)
             ... on level 8 of the Dungeon.
             The game lasted 00:18:42 (7513 turns).

Gargoyl the Cleaver (Ghoul Abyssal Knight)          Turns: 7513, Time: 00:18:42

HP:   -2/85 (86)    AC: 18    Str: 22    XL:     10   Next: 20%
MP:   4/10          EV: 14    Int:  7    God:    Lugonu [****..]
Gold: 406           SH:  0    Dex: 11    Spells: 0 memorised, 9 levels left

rFire  . . .     SeeInvis .     q - +1 spear (venom)
rCold  + . .     Gourm    .     e - +4 scale mail of Peek-a-Boo {Str+5}
rNeg   + + +     Faith    .     (no shield)
rPois  ∞         Spirit   .     k - +2 helmet
rElec  .         Reflect  .     (no cloak)
rCorr  +         Harm     .     (no gloves)
MR     .....                    O - +2 pair of boots
Stlth  ..........               (no amulet)
                                E - ring of resist corrosion
                                f - +3 ring of evasion

@: rotting
A: rotting body, claws 1, carnivore 3, cold resistance 1, negative energy
resistance 3, slow regeneration 1, torment resistance, unbreathing
a: Depart the Abyss, Bend Space, Banish, Corrupt, Renounce Religion


You were on level 8 of the Dungeon.
You worshipped Lugonu.
Lugonu was greatly pleased with you.
You were not hungry.

You visited 1 branch of the dungeon, and saw 9 of its levels.
You visited the Abyss 1 time.
You also visited: Sewer.

You collected 406 gold pieces.

Inventory:

Hand Weapons
 i - a +2 antimagic hand axe
 l - a +1 hand axe
 q - a +1 spear of venom (weapon)
Missiles
 o - a tomahawk (quivered)
Armour
 e - the +4 scale mail of Peek-a-Boo (worn) {Str+5}
   (You found it on level 3 of the Abyss)

   It affects your strength (+5).
 k - a +2 helmet (worn)
 O - a +2 pair of boots (worn)
Rods
 P - a +0 rod of ignition (13/13)
   (You found it on level 7 of the Dungeon)
Jewellery
 f - a +3 ring of evasion (left claw)
 E - a ring of resist corrosion (right claw)
Wands
 a - a wand of confusion (39/48)
 j - a wand of random effects (26/48)
 t - a wand of iceblast (15/15)
 x - a wand of polymorph (14/24)
 F - a wand of acid (4/15)
 H - a wand of slowing (21/48)
 J - a wand of lightning (12/15)
 K - a wand of paralysis (9/24)
 L - a wand of confusion (32/48)
 M - a wand of lightning (8/15)
Scrolls
 n - 6 scrolls of identify
 p - 6 scrolls of remove curse
 y - 2 scrolls of magic mapping
 A - a scroll of recharging
 B - 8 scrolls of teleportation
Potions
 b - a potion of resistance {unknown}
 h - a potion of ambrosia {unknown}
 m - a potion of might
 s - 2 potions of degeneration {unknown}
 u - 2 potions of brilliance {unknown}
 w - a potion of cancellation {unknown}
 z - 3 potions of flight {unknown}
 D - a potion of haste {unknown}
 I - a potion of invisibility {unknown}
 N - 2 potions of magic {unknown}
Books
 d - a Fen Folio

   Spells                             Type                      Level
   a - Corpse Rot                     Necromancy                   2
   b - Stone Arrow                    Conjuration/Earth            3
   c - Leda's Liquefaction            Hexes/Earth                  4
   d - Summon Forest                  Summoning/Translocation      5
   e - Hydra Form                     Transmutation                6
   f - Summon Hydra                   Summoning                    7
Comestibles
 c - 8 meat rations
 g - 2 beef jerkies
 r - a royal jelly
 v - 8 slices of pizza


   Skills:
 + Level 7.6 Fighting
 + Level 9.3 Axes
 + Level 6.4 Armour
 + Level 4.1 Dodging
 + Level 1.0 Stealth
 + Level 2.2 Invocations


You had 9 spell levels left.
You didn't know any spells.

Dungeon Overview and Level Annotations

Branches:
Dungeon (9/15)             Temple (0/1) D:5
   Lair: D:8-11         Orc: D:9-12

Altars:
Ashenzari
Dithmenos
Elyvilon
Gozag
Kikubaaqudgha
Qazlal
Ru
Vehumet

Shops:
D:5 *

Annotations:
D:7 1 runed door


Innate Abilities, Weirdness & Mutations

Your body is rotting away.
You thrive on raw meat.
You are immune to poison.
You have sharp fingernails.
You are carnivorous and can eat meat at any time.
Your flesh is cold resistant. (rC+)
You are immune to negative energy. (rN+++)
You regenerate slowly when monsters are visible.
You are immune to unholy pain and torment.
You can survive without breathing.


Message History

What are your orders? t - Shout!
Orders for allies: a - Attack new target. p - Attack previous target. r - Retreat! s - Stop attacking. g - Guard the area. f - Follow me.
Anything else - Cancel.
Okay, then.
The three-headed hydra closely misses you.
The three-headed hydra bites you.
* * * LOW HITPOINT WARNING * * *
The three-headed hydra bites you!
* * * LOW HITPOINT WARNING * * *
There is an open gate here.
Okay, then.
Press: ? - help, Shift-Dir - straight line, f/p - three-headed hydra
Aim: a three-headed hydra (chance to defeat MR: 50%)
You fail to use your ability.
The three-headed hydra closely misses you.
The three-headed hydra bites you.
You die...

###########
...........#
...........#
...........#
...........
.....[....
..........##########
........# #.....#..#
........###≈....@D.#
........).#..%P.'..#
........#.÷≈%%..'..#
........###.....#.(#
........# #≈.P≈P##'#
..).....# #P≈≈≈≈#.%#
..(.##### #PP≈P.+)K#
....# ##########
....#


You could see a three-headed hydra and a big kobold (fleeing).

Vanquished Creatures
  Grinder (D:2)
  Prince Ribbit (D:6)
  2 hippogriffs
  2 dream sheep (D:8)
  2 yaks (D:8)
  A hungry ghost (D:9)
  Menkaure (D:4)
  Duvessa (D:6)
  A sky beast (D:6)
  A black bear (D:8)
  An ice beast (D:8)
  A centaur (D:8)
  2 big kobolds (D:8)
  2 bullfrogs (D:7)
  3 scorpions
  Dowan (D:6)
  3 killer bees (D:9)
  A howler monkey (D:5)
  A bullfrog zombie (D:6)
  3 crimson imps
  The ghost of SoKoS the Grasshopper, a weakling SpWr (D:3)
  A centaur zombie (D:8)
  A jelly (D:8)
  3 orc priests
  5 hounds
  A centaur skeleton (D:4)
  Jessica (D:1)
  A bullfrog skeleton (D:6)
  Ijyb (D:1)
  3 orc wizards
  Natasha (thrice) (D:2)
  A worker ant (D:5)
  A hound zombie (D:7)
  Robin (D:2)
  7 gnolls (D:4)
  A worker ant zombie (D:7)
  8 adders
  A shadow imp (D:7)
  4 oozes
  An adder skeleton (D:8)
  8 worms
  3 dart slugs
  9 leopard geckos
  13 orcs
  4 ball pythons
  12 bats
  9 giant cockroaches
  15 goblins
  8 hobgoblins
  14 jackals
  2 quokkas
  6 frilled lizards
  11 kobolds
  A quokka skeleton (D:6)
  A quokka zombie (D:8)
  7 rats
200 creatures vanquished.

Notes
Turn   | Place    | Note
-------+----------+-------------------------------------------
     0 | Abyss:1  | Gargoyl the Ghoul Abyssal Knight began the quest for the Orb.
     0 | Abyss:1  | Reached XP level 1. HP: 19/19 MP: 1/1
    17 | Abyss:1  | Found a corrupted altar of Lugonu.
    76 | Abyss:2  | Noticed a spatial vortex
   123 | Abyss:2  | Noticed an iron imp
   141 | Abyss:3  | Noticed a small abomination
   150 | Abyss:3  | Noticed a chaos spawn
   151 | Abyss:3  | Noticed a chaos spawn
   151 | Abyss:3  | Noticed a chaos spawn
   179 | Abyss:3  | Got a dazzling scale mail
   186 | D:1      | Escaped the Abyss
   230 | D:1      | Identified the +4 scale mail of Peek-a-Boo {Str+5} (You found it on level 3 of the Abyss)
   261 | D:1      | Reached XP level 2. HP: 27/27 MP: 2/2
   318 | D:1      | Reached skill level 2 in Axes
   363 | D:1      | Reached * piety under Lugonu
   496 | D:1      | Reached XP level 3. HP: 26/33 MP: 3/3
  1015 | D:2      | Noticed Ijyb
  1015 | D:2      | Noticed Jessica
  1021 | D:1      | Killed Jessica
  1021 | D:1      | Reached skill level 1 in Dodging
  1021 | D:1      | Reached XP level 4. HP: 39/39 MP: 4/4
  1066 | D:1      | Killed Ijyb
  1130 | D:2      | Noticed Natasha
  1140 | D:2      | Killed Natasha
  1140 | D:2      | Reached skill level 3 in Axes
  1140 | D:2      | Reached XP level 5. HP: 41/46 MP: 5/5
  1220 | D:2      | Noticed Robin
  1226 | D:2      | Reached ** piety under Lugonu
  1237 | D:2      | Killed Robin
  1588 | D:2      | Noticed Natasha
  1594 | D:2      | Killed Natasha
  1781 | D:2      | Noticed Natasha
  1786 | D:2      | Killed Natasha
  1906 | D:3      | Noticed Grinder
  1907 | D:3      | Noticed SoKoS's ghost (weakling SpWr)
  1912 | D:3      | Paralysed by Grinder for 3 turns
  1929 | D:2      | Reached XP level 6. HP: 37/53 MP: 2/6
  1954 | D:2      | Paralysed by Grinder for 4 turns
  1978 | D:2      | Paralysed by Grinder for 4 turns
  1982 | D:2      | Killed Grinder
  1982 | D:2      | Reached skill level 4 in Axes
  2002 | D:2      | Reached XP level 7. HP: 57/60 MP: 2/7
  2014 | D:3      | Killed SoKoS's ghost
  2055 | D:3      | Reached skill level 5 in Fighting
  2277 | D:3      | Reached skill level 5 in Axes
  2512 | D:4      | Found a shattered altar of Ashenzari.
  2633 | D:4      | Reached *** piety under Lugonu
  2884 | D:4      | Noticed Menkaure
  2898 | D:4      | Killed Menkaure
  2898 | D:4      | Reached XP level 8. HP: 67/69 MP: 2/8
  2927 | D:4      | Reached skill level 6 in Axes
  3370 | D:5      | Entered Level 5 of the Dungeon
  3420 | D:5      | Found Jaetod's Assorted Antiques.
  3517 | D:5      | Found an ancient bone altar of Kikubaaqudgha.
  3528 | D:5      | Found an opulent altar of Gozag.
  3529 | D:5      | Found a shadowy altar of Dithmenos.
  3532 | D:5      | Found a radiant altar of Vehumet.
  3564 | D:5      | Found a staircase to the Ecumenical Temple.
  3766 | D:5      | Found a stormy altar of Qazlal.
  3795 | D:5      | Found a glowing drain.
  3818 | Sewer    | Entered a sewer
  4117 | Sewer    | Reached **** piety under Lugonu
  4767 | D:6      | Noticed Prince Ribbit
  4876 | D:6      | Killed Prince Ribbit
  4876 | D:6      | Reached skill level 7 in Axes
  4894 | D:6      | Noticed Dowan
  4895 | D:6      | Noticed Duvessa
  4921 | D:6      | Killed Dowan
  4931 | D:6      | Killed Duvessa
  5275 | D:6      | Reached XP level 9. HP: 42/74 MP: 3/9
  5703 | D:6      | Reached skill level 5 in Armour
  5982 | D:7      | Found a sacrificial altar of Ru.
  6219 | D:7      | Reached skill level 8 in Axes
  6243 | D:7      | Noticed a sixfirhy
  6244 | D:7      | Found a runed door.
  6508 | D:7      | Reached skill level 1 in Stealth
  7053 | D:8      | Found a white marble altar of Elyvilon.
  7362 | D:8      | Reached XP level 10. HP: 68/86 MP: 3/10
  7371 | D:8      | Reached skill level 9 in Axes
  7501 | D:8      | Noticed a three-headed hydra
  7511 | D:8      | HP: 1/85 [three-headed hydra (9)]
  7513 | D:8      | Slain by a three-headed hydra

Skill      XL: |  1  2  3  4  5  6  7  8  9 10 |
---------------+-------------------------------+-----
Axes           | 2 3 4 5 7 8 9 |  9.3
Armour         | 2 3 4 6 |  6.4
Fighting       | 4 5 6 7 |  7.6
Dodging        | 1 2 3 4 |  4.1
Stealth        | 1 |  1.0
Invocations    | |  2.2

Action                   |  1- 3 |  4- 6 |  7- 9 | 10-12 || total
-------------------------+-------+-------+-------+-------++-------
Melee: Hand axe          |   112 |   152 |   588 |    22 ||   874
       Spear             |       |       |       |     3 ||     3
Throw: Tomahawk          |       |       |       |     1 ||     1
Invok: Depart the Abyss  |     1 |       |       |       ||     1
  Use: Scroll            |     3 |     2 |    14 |     1 ||    20
       Potion            |       |       |       |     1 ||     1
  Eat: Chunk             |     7 |    20 |    53 |     6 ||    86
Armor: Scale mail        |    49 |    84 |   285 |    15 ||   433
       Leather armour    |     1 |       |       |       ||     1
Dodge: Dodged            |    72 |   120 |   498 |    23 ||   713
